 Dungeon Crawl Stone Soup version 0.25-a0-294-gea9b1ad378 (webtiles) character file.

Game seed: 8995399635044997994, levelgen mode: classic

8628 Borgoz the Carver (level 11, 0/67 HPs)
             Began as a Gargoyle Gladiator on Dec 18, 2019.
             Was a Follower of Ashenzari.
             Killed from afar by a wizard (36 damage)
             ... with a crystal spear
             ... on level 10 of the Dungeon.
             The game lasted 00:24:34 (13143 turns).

Borgoz the Carver (Gargoyle Gladiator)             Turns: 13143, Time: 00:24:34

Health: 0/67       AC: 21    Str: 24    XL:     11   Next: 33%
Magic:  0/11       EV: 16    Int:  8    God:    Ashenzari [*.....]
Gold:   993        SH:  0    Dex: 14    Spells: 10/10 levels left

rFire    + . .     SeeInvis .   b - +3 falchion (flame) (curse)
rCold    . . .     Gourm    .   (no shield)
rNeg     + . .     Faith    .   d - +3 leather armour {rF+} (curse)
rPois    ∞         Spirit   +   c - +0 helmet
rElec    +         Reflect  .   (no cloak)
rCorr    .         Harm     .   w - +0 pair of gloves
MR       .....                  l - +2 pair of boots
Stlth    +.........             z - amulet of guardian spirit
HPRegen  0.21/turn              A - +5 ring of strength
MPRegen  0.12/turn              (no ring)

@: no status effects
A: negative energy resistance 1, electricity resistance, unbreathing,
petrification resistance, rot immunity, AC +8
a: Curse Item, Scrying, Renounce Religion


You were on level 10 of the Dungeon.
You worshipped Ashenzari.
Ashenzari was aware of your devotion.
You were not hungry.

You visited 2 branches of the dungeon, and saw 11 of its levels.
You also visited: Ossuary and Bailey.

You collected 993 gold pieces.

Inventory:

Hand Weapons
 b - a cursed +3 falchion of flaming (weapon)
Armour
 c - a +0 helmet (worn)
 d - a cursed +3 leather armour of fire resistance (worn)
 l - a +2 pair of boots (worn)
 w - a +0 pair of gloves (worn)
 D - a +0 leather armour of cold resistance
Jewellery
 z - an amulet of guardian spirit (around neck)
 A - a +5 ring of strength (left hand)
Wands
 s - a wand of flame (4)
 t - a wand of polymorph (7)
Scrolls
 a - a scroll of enchant armour
 i - a scroll of fog {unknown}
 j - a scroll of magic mapping {unknown}
 k - a scroll of amnesia
 r - a scroll of remove curse
 u - 2 scrolls of teleportation
 v - 2 scrolls of enchant weapon
Potions
 e - 6 potions of heal wounds
 g - 2 potions of berserk rage {unknown}
 h - 4 potions of curing
 m - 2 potions of lignification {unknown}
 n - a potion of resistance {unknown}
 o - 2 potions of mutation {unknown}
 p - a potion of haste
 q - 2 potions of brilliance
 x - a potion of cancellation
 y - 2 potions of degeneration {unknown}
 C - a potion of agility {unknown}
 F - a potion of experience {unknown}
Comestibles
 f - 16 rations


   Skills:
 + Level 7.0 Fighting
 + Level 10.8 Long Blades
 - Level 1.7 Throwing
 + Level 8.9 Armour
 + Level 7.3 Dodging


You had 10 spell levels left.
You didn't know any spells.
Your spell library contained the following spells:

 Spells                   Type           Power        Failure   Level  Hunger
 Freeze                   Ice            #...         43%         1    ##.....
 Ozocubu's Armour         Chrm/Ice       #.......     82%         3    ####...
 Hailstorm                Conj/Ice       #.......     99%         4    #####..
 Summon Ice Beast         Ice/Summ       #.......     99%         4    #####..


Dungeon Overview and Level Annotations

Branches:
Dungeon (10/15)            Temple (1/1) D:4            Lair (0/6) D:8
    Orc (0/2) D:9         Ossuary (visited)          Bailey (visited)

Altars:
Ashenzari
Cheibriados
Dithmenos
Elyvilon
Fedhas
Gozag
Hepliaklqana
Kikubaaqudgha
Makhleb
Nemelex Xobeh
Okawaru
Qazlal
Ru
Sif Muna
Trog
Uskayaw
Vehumet
Wu Jian
Xom
Yredelemnul
Zin
The Shining One

Shops:
D:5 *

Annotations:
D:7 2 transporters, grouchysmurf's ghost, novice MfSk


Innate Abilities, Weirdness & Mutations

You are resistant to torment.
Your stone body is resilient. (AC +8)
You are immune to poison.
You resist negative energy. (rN+)
You are resistant to electric shocks. (rElec)
You can survive without breathing.
You are immune to petrification.
You are immune to rotting.


Message History

You feel strangely unstable.
It was a scroll of teleportation.
The gnoll dissolves into shadows!
Your surroundings suddenly seem different.
Found a gate leading back out of this place.
An orc knight comes into view. It is wielding a +0 halberd.
The orc knight misses you.
There is a gate leading back out of this place here.
The orc knight barely misses you.
Welcome back to the Dungeon!
The wizard gestures wildly while chanting.
The wizard seems to speed up.
There is an empty arch of ancient stone here.
There is nothing on the other side of the stone arch.
A centaur warrior skeleton comes into view.
You see here a +0 halberd.
The wizard hits you but does no damage.
The wizard gestures at you while chanting.
The crystal spear hits you!!!
Ouch! That really hurt!
You die...

#..##.≈#.o. #..##.≈# .
#..# .≈≈##.##≈ .# #..#
.≈≈≈.≈≈ .## . #..#
..[.. ... ..####..#
#... ..# %.......#
#.5####..# ........#
#..p.....#
.#####..#####..@.....#
#........().(##.#
#........)∩).#
#...###...)..# #...#
##.....# #...# ##..###
#...# #..# #...# #..#
#...# #..#


You could see a wizard and a crimson imp.

Vanquished Creatures
  A two-headed ogre (D:9)
  An orc knight (Bailey)
  Joseph (D:9)
  A gargoyle (D:10)
  A hornet (D:9)
  Grinder (D:3)
  4 hippogriffs
  A human (D:7)
  Eustachio (D:4)
  A hungry ghost (D:8)
  4 hogs (D:7)
  A soldier ant (D:7)
  Duvessa (D:7)
  An ice beast (D:8)
  11 orc warriors
  A black bear (D:8)
  3 ogres
  4 sky beasts
  3 phantoms
  2 centaurs
  A crocodile (D:8)
  A gnoll sergeant (D:7)
  5 bullfrogs
  Dowan (D:7)
  A scorpion (D:5)
  6 electric eels
  2 crimson imps
  2 howler monkeys
  A quasit (D:7)
  3 bullfrog zombies
  A centaur skeleton (D:4)
  2 bullfrog skeletons
  An orc priest (D:8)
  5 hounds
  10 orc wizards
  Ijyb (D:4)
  7 worker ants
  2 iguanas (D:8)
  A hound skeleton (D:4)
  8 mummies (Ossuary)
  2 howler monkey zombies
  A worker ant zombie (D:7)
  6 gnolls
  A howler monkey skeleton (D:5)
  8 adders
  2 shadow imps (D:5)
  An ooze (D:1)
  An adder zombie (D:5)
  4 adder skeletons
  6 worms
  8 dart slugs
  12 leopard geckos
  63 orcs
  4 bats
  2 giant cockroaches
  A gnoll zombie (Ossuary)
  5 goblins
  5 hobgoblins
  14 jackals
  A quokka (D:4)
  4 ball pythons
  5 frilled lizards
  2 goblin zombies (D:4)
  3 hobgoblin zombies (Ossuary)
  10 kobolds
  A kobold zombie (Ossuary)
  3 orc zombies (Ossuary)
  2 quokka skeletons
  8 rats
  2 plants
292 creatures vanquished.

Vanquished Creatures (others)
  6 fungi (D:8)
  3 plants
9 creatures vanquished.

Grand Total: 301 creatures vanquished

Notes
Turn   | Place    | Note
-------+----------+-------------------------------------------
     0 | D:1      | Borgoz the Gargoyle Gladiator began the quest for the Orb.
     0 | D:1      | Reached XP level 1. HP: 12/12 MP: 1/1
   116 | D:1      | Reached skill level 3 in Long Blades
   116 | D:1      | Reached XP level 2. HP: 16/17 MP: 2/2
   437 | D:1      | Reached skill level 1 in Armour
   662 | D:1      | Reached XP level 3. HP: 19/21 MP: 3/3
  1676 | D:3      | Reached XP level 4. HP: 26/26 MP: 4/4
  1777 | D:3      | Noticed Grinder
  1782 | D:3      | Paralysed by Grinder for 5 turns
  1915 | D:4      | Noticed Ijyb
  1961 | D:4      | Killed Ijyb
  1961 | D:4      | Reached skill level 4 in Long Blades
  1961 | D:4      | Reached XP level 5. HP: 30/30 MP: 5/5
  2193 | D:4      | Noticed a phantom
  2195 | D:4      | Found a sand-covered staircase.
  2213 | Ossuary  | Entered an ossuary
  2256 | Ossuary  | Reached XP level 6. HP: 26/35 MP: 6/6
  2999 | D:4      | Killed a phantom
  2999 | D:4      | Reached skill level 5 in Long Blades
  3003 | D:4      | Noticed a phantom
  3019 | D:4      | Killed a phantom
  3019 | D:4      | Reached XP level 7. HP: 25/40 MP: 7/7
  3144 | D:4      | Noticed Eustachio
  3183 | D:4      | Found a staircase to the Ecumenical Temple.
  3234 | D:4      | Killed Eustachio
  3350 | Temple   | Entered the Ecumenical Temple
  3467 | Temple   | Became a worshipper of Ashenzari the Shackled
  3742 | D:3      | Paralysed by Grinder for 4 turns
  3750 | D:3      | Killed Grinder
  3750 | D:3      | Reached skill level 6 in Long Blades
  4390 | D:4      | Found a sparkling altar of Nemelex Xobeh.
  4391 | D:4      | Found a sacrificial altar of Ru.
  4466 | D:4      | Found a burning altar of Makhleb.
  4466 | D:4      | Noticed a cacodemon
  4474 | D:4      | Reached XP level 8. HP: 41/44 MP: 8/8
  4479 | D:4      | Noticed an orange demon
  4479 | D:4      | Noticed a hellwing
  4657 | D:5      | Entered Level 5 of the Dungeon
  4937 | D:5      | Found Maaddin's Elemental Accessories.
  4972 | D:5      | Reached skill level 5 in Armour
  5028 | D:5      | Reached skill level 7 in Long Blades
  5583 | D:6      | Reached skill level 5 in Dodging
  6662 | D:6      | Reached * piety under Ashenzari
  7146 | D:7      | Found a transporter.
  7229 | D:7      | Reached XP level 9. HP: 19/49 MP: 9/9
  7414 | D:7      | Noticed grouchysmurf's ghost (novice MfSk)
  7414 | D:7      | Noticed a moth of wrath
  7415 | D:7      | Identified the cursed ring "Puiss" {rElec rF+ rC+ Str-3
                  | Dex-3}
  7427 | D:7      | Found a transporter.
  7677 | D:7      | Reached skill level 8 in Long Blades
  7689 | D:7      | HP: 2/50 [gnoll/+0 halberd (11)]
  8803 | D:7      | Reached skill level 9 in Long Blades
  8813 | D:7      | Reached XP level 10. HP: 43/58 MP: 10/10
  8955 | D:7      | Noticed Duvessa
  8955 | D:7      | Noticed Dowan
  8965 | D:7      | Killed Duvessa
  8971 | D:7      | Killed Dowan
  9099 | D:7      | Reached skill level 5 in Fighting
 10246 | D:8      | Found a blossoming altar of Fedhas.
 11072 | D:8      | Found a staircase to the Lair.
 11238 | D:9      | Noticed Joseph
 11415 | D:9      | Killed Joseph
 11415 | D:9      | Reached skill level 10 in Long Blades
 11815 | D:9      | Found an iron altar of Okawaru.
 11855 | D:9      | Found a staircase to the Orcish Mines.
 11918 | D:9      | Noticed a two-headed ogre
 11934 | D:9      | Killed a two-headed ogre
 11934 | D:9      | Reached XP level 11. HP: 23/66 MP: 5/11
 12203 | D:9      | Found a glowing golden altar of the Shining One.
 12229 | D:9      | Noticed a moth of wrath
 12232 | D:9      | Found a bloodstained altar of Trog.
 12264 | D:9      | Identified the +5 broad axe of Plunder {elec, +Fly rPois
                  | rC+}
 12392 | D:10     | Entered Level 10 of the Dungeon
 12489 | D:10     | Noticed a wizard
 12501 | D:10     | Found a flagged portal.
 12513 | Bailey   | Entered a bailey
 12825 | Bailey   | Noticed an orc knight
 12826 | Bailey   | Noticed an orc knight
 12892 | Bailey   | Killed an orc knight
 13071 | Bailey   | Noticed an orc knight
 13073 | Bailey   | Noticed an orc knight
 13134 | Bailey   | Noticed an orc knight
 13143 | D:10     | Killed from afar by a wizard

Levels and vault maps discovered:
D:1:      dpeg_arrival_arbitrary_b, layout_basic
D:2:      layout_loops_corners, first_ration
D:3:      layout_loops_cross, uniq_grinder
D:4:      layout_loops_ring, makhleb_altar_promises_db,
          gammafunk_temple_overflow_statue, minmay_temple_entry_gardened_gates,
          enter_ossuary_4, minivault_26, uniq_ijyb, uniq_eustachio
D:5:      layout_cave_pools, kennysheep_flooded_box, nicolae_elemental_shop
D:6:      kennysheep_slugbush, layout_basic
D:7:      layout_basic, gammafunk_ghost_berserking_beasts, grunt_livestock,
          serial_bayou_lagoon_a, kennysheep_boxes, uniq_duvessa
D:8:      layout_layer_cave, lemuel_round_altar, grunt_lair_entry_orc_guard_hut
D:9:      layout_rooms, tso_oasis_becter, okawaru_trees_1, tgw_trog,
          orc_0_dummy, uniq_joseph
D:10:     cheibrodos_wizards_tower, layout_long_grid, basic_altar,
          enter_bailey_2
Temple:   regret_index_temple_waves

Skill      XL: |  1  2  3  4  5  6  7  8  9 10 11 |
---------------+----------------------------------+-----
Long Blades    | 3 4 5 6 7 9 10 | 10.8
Armour         | 1 2 3 4 5 7 8 |  8.9
Dodging        | 3 4 5 6 7 |  7.3
Fighting       | 4 6 7 |  7.0
Throwing       | |  1.7

Action                   |  1- 3 |  4- 6 |  7- 9 | 10-12 || total
-------------------------+-------+-------+-------+-------++-------
Melee: Long sword        |   114 |   168 |   601 |    67 ||   950
       Falchion          |       |       |       |   487 ||   487
Throw: Throwing net      |       |     3 |     2 |       ||     5
Invok: Curse Item        |       |       |       |     2 ||     2
Evoke: Wand              |       |       |     1 |    11 ||    12
  Use: Scroll            |       |     6 |     1 |     4 ||    11
       Potion            |       |     1 |       |     7 ||     8
 Stab: Held in net/web   |       |       |     1 |       ||     1
       Paralysed         |       |       |       |     8 ||     8
  Eat: Chunk             |     3 |     2 |    18 |    13 ||    36
       Ration            |       |     1 |       |     1 ||     2
Armor: Leather armour    |    51 |    63 |   295 |   185 ||   594
Dodge: Dodged            |    91 |   103 |   433 |   447 ||  1074
       Rpst.: Long sword |    28 |    26 |   122 |    10 ||   186
       Falchion          |       |       |       |   104 ||   104

Table legend:
 A = Non-vault XP
 B = Vault XP
 C = Vault XP percentage of total XP
 D = Non-vault monster count
 E = Vault monster count
 F = Vault count percentage of total count
                 A         B        C        D         E       F
            +---------+---------+-------+---------+---------+-------
      Total |    7785 |    4542 |  36.8 |     211 |      79 |  27.2
            +---------+---------+-------+---------+---------+-------
        D:1 |      44 |       0 |   0.0 |      22 |       0 |   0.0
        D:2 |      31 |       0 |   0.0 |      16 |       0 |   0.0
        D:3 |      30 |     258 |  89.6 |      10 |       1 |   9.1
        D:4 |     452 |     243 |  35.0 |      17 |       4 |  19.0
        D:5 |     756 |       4 |   0.5 |      23 |       1 |   4.2
        D:6 |     493 |      24 |   4.6 |      11 |       6 |  35.3
        D:7 |    1704 |    1196 |  41.2 |      44 |       7 |  13.7
        D:8 |    1657 |     519 |  23.9 |      48 |       5 |   9.4
        D:9 |    1906 |     476 |  20.0 |      13 |       6 |  31.6
       D:10 |     712 |       0 |   0.0 |       7 |       0 |   0.0
    Ossuary |       0 |     159 | 100.0 |       0 |      16 | 100.0
     Bailey |       0 |    1663 | 100.0 |       0 |      33 | 100.0
            +---------+---------+-------+---------+---------+-------
